| TOP OF THE 1ST |
|
New York Yankees batting - Pitching for Florida Marlins : RHP Kevin Appier
|
|
Pitching: RHP Kevin Appier
|
|
|
Batting: RHB Orlando Cabrera
|
0-0: SINGLE (Groundball, 4MD, EV 98.8 MPH)
|
|
Batting: LHB Bobby Abreu
|
0-0: Foul Ball, location: 2F 0-1: Ball Orlando Cabrera is caught stealing 2nd base 2-6 1-1: Foul Ball, location: 2F 1-2: Strikes out swinging
|
|
Batting: RHB Mike Lieberthal
|
0-0: Ball 1-0: Foul Ball, location: 2F 1-1: Called Strike 1-2: Hit by Pitch
|
|
Batting: RHB Kazuhiro Kiyohara
|
0-0: Ball 1-0: Ball 2-0: Ball 3-0: Base on Balls Mike Lieberthal to second
|
|
Batting: RHB Travis Fryman
|
0-0: Ball 1-0: Ball 2-0: Ball 3-0: Called Strike 3-1: Base on Balls Mike Lieberthal to third Kazuhiro Kiyohara to second
|
|
Batting: RHB Phil B. Clark
|
0-0: Ball 1-0: Foul Ball, location: 2F 1-1: Foul Ball, location: 2F 1-2: Ball 2-2: Strikes out looking
|
| Top of the 1st over - 0 runs, 1 hit, 0 errors, 3 left on base; New York 0 - Florida 0 |
| BOTTOM OF THE 1ST |
|
Florida Marlins batting - Pitching for New York Yankees : RHP Mark Clark
|
|
Pitching: RHP Mark Clark
|
|
|
Batting: SHB Luis Castillo
|
0-0: Ground out 3-1 (Groundball, 34S, EV 73.8 MPH)
|
|
Batting: RHB Edgardo Alfonzo
|
0-0: Foul Ball, location: 2F 0-1: Called Strike 0-2: Ball 1-2: Foul Ball, location: 2F 1-2: Fly out, F9 (Line Drive, 9, EV 89.4 MPH)
|
|
Batting: SHB Bobby Bonilla
|
0-0: Swinging Strike 0-1: Swinging Strike 0-2: Ball 1-2: Strikes out swinging
|
| Bottom of the 1st over - 0 runs, 0 hits, 0 errors, 0 left on base; New York 0 - Florida 0 |
| TOP OF THE 2ND |
|
New York Yankees batting - Pitching for Florida Marlins : RHP Kevin Appier
|
|
Batting: RHB Ryan Thompson
|
0-0: Ball 1-0: Foul Ball, location: 2F 1-1: Ball 2-1: Ball 3-1: Called Strike 3-2: Strikes out swinging
|
|
Batting: RHB Darren Lewis
|
0-0: Foul Ball, location: 2F 0-1: Ball 1-1: Foul Ball, location: 2F 1-2: Ball 2-2: Ground out 6-3 (Groundball, 6, EV 78.8 MPH)
|
|
Batting: RHB Andy Stankiewicz
|
0-0: Swinging Strike 0-1: Ball 1-1: Ground out 1-3 (Groundball, 15S, EV 64.4 MPH)
|
| Top of the 2nd over - 0 runs, 0 hits, 0 errors, 0 left on base; New York 0 - Florida 0 |
| BOTTOM OF THE 2ND |
|
Florida Marlins batting - Pitching for New York Yankees : RHP Mark Clark
|
|
Batting: RHB Richie Sexson
|
0-0: Ball 1-0: Ball 2-0: Ball 3-0: Called Strike 3-1: Fly out, F8 (Flyball, 8LM, EV 79.4 MPH)
|
|
Batting: RHB Charles Johnson
|
0-0: Ball 1-0: Ball 2-0: Foul Ball, location: 2F 2-1: SOLO HOME RUN (Flyball, 9LD, EV 108.8 MPH), Distance : 362 ft
|
|
Batting: RHB Rondell White
|
0-0: Fly out, F7 (Flyball, 7S, EV 76.9 MPH)
|
|
Batting: RHB Juan Encarnacion
|
0-0: Called Strike 0-1: Ball 1-1: Ball 2-1: Ball 3-1: Base on Balls
|
|
Batting: LHB Craig Counsell
|
0-0: Ball Juan Encarnacion steals 2nd base 1-0: Hit by Pitch
|
|
Batting: RHB Lance Blankenship
|
0-0: Fielders Choice at 2nd, 5-4 (Groundball, 5L, EV 85.6 MPH)
|
| Bottom of the 2nd over - 1 run, 1 hit, 0 errors, 2 left on base; New York 0 - Florida 1 |
| TOP OF THE 3RD |
|
New York Yankees batting - Pitching for Florida Marlins : RHP Kevin Appier
|
|
Batting: RHB Orlando Cabrera
|
0-0: Ball 1-0: Ball 2-0: Ground out 4-3 (Groundball, 34D, EV 88.8 MPH)
|
|
Batting: LHB Bobby Abreu
|
0-0: Ball 1-0: Ground out 4-3 (Groundball, 4, EV 82.5 MPH)
|
|
Batting: RHB Mike Lieberthal
|
0-0: Called Strike 0-1: Swinging Strike 0-2: Strikes out swinging
|
| Top of the 3rd over - 0 runs, 0 hits, 0 errors, 0 left on base; New York 0 - Florida 1 |
| BOTTOM OF THE 3RD |
|
Florida Marlins batting - Pitching for New York Yankees : RHP Mark Clark
|
|
Batting: SHB Luis Castillo
|
0-0: Called Strike 0-1: Swinging Strike 0-2: Foul Ball, location: 2F 0-2: Strikes out swinging
|
|
Batting: RHB Edgardo Alfonzo
|
0-0: Ground out 3-1 (Groundball, 34, EV 85.0 MPH)
|
|
Batting: SHB Bobby Bonilla
|
0-0: Ball 1-0: Ball 2-0: Called Strike 2-1: Ground out U3 (Groundball, 34, EV 84.4 MPH)
|
| Bottom of the 3rd over - 0 runs, 0 hits, 0 errors, 0 left on base; New York 0 - Florida 1 |
| TOP OF THE 4TH |
|
New York Yankees batting - Pitching for Florida Marlins : RHP Kevin Appier
|
|
Batting: RHB Kazuhiro Kiyohara
|
0-0: Called Strike 0-1: Ball 1-1: Ball 2-1: Swinging Strike 2-2: Ball 3-2: Fly out, F8 (Flyball, 78D, EV 98.8 MPH)
|
|
Batting: RHB Travis Fryman
|
0-0: Called Strike 0-1: Foul Ball, location: 2F 0-2: Ball 1-2: Fly out, F8 (Line Drive, 8LM, EV 100.0 MPH)
|
|
Batting: RHB Phil B. Clark
|
0-0: Ball 1-0: SINGLE (Groundball, 56D, EV 106.9 MPH)
|
|
Batting: RHB Ryan Thompson
|
0-0: Ball 1-0: Called Strike 1-1: Ball 2-1: Called Strike 2-2: Foul Ball, location: 2F 2-2: Foul Ball, location: 2F 2-2: Strikes out looking
|
| Top of the 4th over - 0 runs, 1 hit, 0 errors, 1 left on base; New York 0 - Florida 1 |
| BOTTOM OF THE 4TH |
|
Florida Marlins batting - Pitching for New York Yankees : RHP Mark Clark
|
|
Batting: RHB Richie Sexson
|
0-0: Ball 1-0: Called Strike 1-1: Ball 2-1: SOLO HOME RUN (Line Drive, 7LD, EV 102.5 MPH), Distance : 345 ft
|
|
Batting: RHB Charles Johnson
|
0-0: Called Strike 0-1: Swinging Strike 0-2: Ball 1-2: Ball 2-2: Foul Ball, location: 2F 2-2: Foul Ball, location: 2F 2-2: Ball 3-2: Base on Balls
|
|
Batting: RHB Rondell White
|
0-0: Ball 1-0: Swinging Strike 1-1: Ball 2-1: Swinging Strike 2-2: Strikes out looking
|
|
Batting: RHB Juan Encarnacion
|
0-0: Ball 1-0: Called Strike 1-1: Foul Ball, location: 2F 1-2: Ball 2-2: Fly out, F4 (Line Drive, 4, EV 73.8 MPH)
|
|
Batting: LHB Craig Counsell
|
0-0: Ball 1-0: Ball 2-0: Ball 3-0: Base on Balls Charles Johnson to second
|
|
Batting: RHB Lance Blankenship
|
0-0: Foul Ball, location: 2F 0-1: Ground out 4-3 (Groundball, 4MD, EV 109.4 MPH)
|
| Bottom of the 4th over - 1 run, 1 hit, 0 errors, 2 left on base; New York 0 - Florida 2 |
| TOP OF THE 5TH |
|
New York Yankees batting - Pitching for Florida Marlins : RHP Kevin Appier
|
|
Batting: RHB Darren Lewis
|
0-0: Ball 1-0: Ball 2-0: Ball 3-0: Called Strike 3-1: Ground out 3-1 (Groundball, 34S, EV 78.1 MPH)
|
|
Batting: RHB Andy Stankiewicz
|
0-0: Ball 1-0: Called Strike 1-1: Called Strike 1-2: Strikes out looking
|
|
Batting: RHB Orlando Cabrera
|
0-0: Called Strike 0-1: Foul Ball, location: 2F 0-2: Ball 1-2: Foul Ball, location: 2F 1-2: Ball 2-2: Strikes out looking
|
| Top of the 5th over - 0 runs, 0 hits, 0 errors, 0 left on base; New York 0 - Florida 2 |
| BOTTOM OF THE 5TH |
|
Florida Marlins batting - Pitching for New York Yankees : RHP Mark Clark
|
|
Batting: SHB Luis Castillo
|
0-0: Ball 1-0: Swinging Strike 1-1: SINGLE (Line Drive, 6M, EV 103.1 MPH)
|
|
Batting: RHB Edgardo Alfonzo
|
0-0: Ball 1-0: Bunted foul 1-1: Bunt missed! 1-2: Strikes out swinging
|
|
Batting: SHB Bobby Bonilla
|
0-0: Ball Luis Castillo steals 2nd base 1-0: Fly out, F9 (Flyball, 89D, EV 81.3 MPH) Runner from 2nd tags up, SAFE at 3rd, no throw by RF
|
|
Batting: RHB Richie Sexson
|
0-0: Ball 1-0: SINGLE (Groundball, 6S, EV 67.5 MPH) (infield hit) Luis Castillo scores
|
|
Batting: RHB Charles Johnson
|
0-0: Ball 1-0: Ball 2-0: Fly out, F8 (Flyball, 8RD, EV 100.0 MPH)
|
| Bottom of the 5th over - 1 run, 2 hits, 0 errors, 1 left on base; New York 0 - Florida 3 |
| TOP OF THE 6TH |
|
New York Yankees batting - Pitching for Florida Marlins : RHP Kevin Appier
|
|
Batting: LHB Bobby Abreu
|
0-0: Ball 1-0: Ball 2-0: Ball 3-0: Called Strike 3-1: Called Strike 3-2: Strikes out swinging
|
|
Batting: RHB Mike Lieberthal
|
0-0: Bunt for hit to 25 - play at first, batter OUT! 5-3
|
|
Batting: RHB Kazuhiro Kiyohara
|
0-0: Swinging Strike 0-1: Foul Ball, location: 2F 0-2: Strikes out swinging
|
| Top of the 6th over - 0 runs, 0 hits, 0 errors, 0 left on base; New York 0 - Florida 3 |
| BOTTOM OF THE 6TH |
|
Florida Marlins batting - Pitching for New York Yankees : RHP Mark Clark
|
|
Batting: RHB Rondell White
|
0-0: SOLO HOME RUN (Flyball, 7D, EV 86.9 MPH), Distance : 385 ft
|
|
Batting: RHB Juan Encarnacion
|
0-0: Ball 1-0: Fly out, F8 (Flyball, 8RD, EV 90.0 MPH)
|
|
Batting: LHB Craig Counsell
|
0-0: Ball 1-0: Ground out 3-1 (Groundball, 34S, EV 85.0 MPH)
|
|
Batting: RHB Lance Blankenship
|
0-0: Ball 1-0: Ball 2-0: Ground out 5-3 (Groundball, 56, EV 85.0 MPH)
|
| Bottom of the 6th over - 1 run, 1 hit, 0 errors, 0 left on base; New York 0 - Florida 4 |
| TOP OF THE 7TH |
|
New York Yankees batting - Pitching for Florida Marlins : RHP Kevin Appier
|
|
Batting: RHB Travis Fryman
|
0-0: Ball 1-0: Swinging Strike 1-1: Called Strike 1-2: Ball 2-2: Strikes out swinging, 2-3 out at first.
|
|
Batting: RHB Phil B. Clark
|
0-0: Ball 1-0: Foul Ball, location: 2F 1-1: Foul Ball, location: 2F 1-2: Ground out 1-3 (Groundball, 15S, EV 75.0 MPH)
|
|
Batting: RHB Ryan Thompson
|
0-0: Swinging Strike 0-1: Swinging Strike 0-2: Ball 1-2: Strikes out looking
|
| Top of the 7th over - 0 runs, 0 hits, 0 errors, 0 left on base; New York 0 - Florida 4 |
| BOTTOM OF THE 7TH |
|
Florida Marlins batting - Pitching for New York Yankees : RHP Mark Clark
|
|
Batting: SHB Luis Castillo
|
0-0: Ball 1-0: Swinging Strike 1-1: Foul Ball, location: 2F 1-2: Ball 2-2: Ground out 1-3 (Groundball, 13S, EV 75.0 MPH)
|
|
Batting: RHB Edgardo Alfonzo
|
0-0: Ball 1-0: Called Strike 1-1: SINGLE (Groundball, 56D, EV 101.3 MPH)
|
|
Pitching: LHP Bryan Eversgerd
|
|
|
Batting: SHB Bobby Bonilla
|
0-0: Called Strike 0-1: Ball 1-1: Swinging Strike 1-2: Ball 2-2: Grounds into double play, 6-4-3 (Groundball, 6S, EV 88.8 MPH)
|
| Bottom of the 7th over - 0 runs, 1 hit, 0 errors, 0 left on base; New York 0 - Florida 4 |
| TOP OF THE 8TH |
|
New York Yankees batting - Pitching for Florida Marlins : RHP Kevin Appier
|
|
Batting: RHB Darren Lewis
|
0-0: Called Strike 0-1: Swinging Strike 0-2: Foul Ball, location: 2F 0-2: Ball 1-2: Strikes out swinging
|
|
Batting: RHB Andy Stankiewicz
|
0-0: Ball 1-0: Ball 2-0: Ball 3-0: Called Strike 3-1: Called Strike 3-2: Fly out, F9 (Flyball, 9, EV 83.8 MPH)
|
|
Batting: RHB Orlando Cabrera
|
0-0: Ball 1-0: DOUBLE (Line Drive, 3D, EV 95.0 MPH)
|
|
Batting: LHB Bobby Abreu
|
0-0: Ball 1-0: Fly out, F7 (Flyball, 7LS, EV 85.6 MPH)
|
| Top of the 8th over - 0 runs, 1 hit, 0 errors, 1 left on base; New York 0 - Florida 4 |
| BOTTOM OF THE 8TH |
|
Florida Marlins batting - Pitching for New York Yankees : LHP Bryan Eversgerd
|
|
Batting: RHB Richie Sexson
|
0-0: Called Strike 0-1: Fly out, F7 (Flyball, 7LMF, EV 95.0 MPH)
|
|
Batting: RHB Charles Johnson
|
0-0: Called Strike 0-1: Ball 1-1: Ground out 6-3 (Groundball, 56, EV 105.6 MPH)
|
|
Batting: RHB Rondell White
|
0-0: SINGLE (Groundball, 34D, EV 98.1 MPH)
|
|
Batting: RHB Juan Encarnacion
|
0-0: Ball 1-0: Swinging Strike 1-1: Called Strike 1-2: SINGLE (Groundball, 6MD, EV 98.8 MPH) Rondell White to second
|
|
Batting: LHB Craig Counsell
|
0-0: Ball 1-0: Foul Ball, location: 2F 1-1: Ball 2-1: Ball 3-1: Fly out, F4 (Popup, 4MD, EV 51.9 MPH)
|
| Bottom of the 8th over - 0 runs, 2 hits, 0 errors, 2 left on base; New York 0 - Florida 4 |
| TOP OF THE 9TH |
|
New York Yankees batting - Pitching for Florida Marlins : RHP Kevin Appier
|
|
Batting: RHB Mike Lieberthal
|
0-0: Foul Ball, location: 2F 0-1: Ground out 5-3 (Groundball, 56, EV 90.6 MPH)
|
|
Batting: RHB Kazuhiro Kiyohara
|
0-0: Foul Ball, location: 2F 0-1: Fly out, F8 (Flyball, 8RD, EV 93.1 MPH)
|
|
Batting: RHB Travis Fryman
|
0-0: Foul Ball, location: 2F 0-1: Fly out, F7 (Flyball, 78S, EV 85.0 MPH)
|
| Top of the 9th over - 0 runs, 0 hits, 0 errors, 0 left on base; New York 0 - Florida 4 |
|